 Dungeon Sprint DCSS version 0.22.1-2-g9c5b331383 (webtiles) character file.

4100000 Groucho the Intangible (level 24, -66/227 HPs)
             Began as a Formicid Fighter on Dec 15, 2018.
             Annihilated by a destroyer
             ... wielding a +9 great sword of slicing
              (203 damage)
             ... in the Dungeon (Sprint VIII: "Arena of Blood").
             The game lasted 00:02:04 (41 turns).

Groucho the Intangible (Formicid Fighter)             Turns: 41, Time: 00:02:04

Health: -66/227    AC: 13    Str: 25    XL:     24   Next: 87%
Magic:  22/54      EV: 31    Int:  8    God:
Gold:   0          SH: 19    Dex: 18    Spells: 77/77 levels left

rFire    . . .     SeeInvis +   l - +∞ Axe of Woe
rCold    . . .     Gourm    .   c - +0 shield
rNeg     . . .     Faith    .   b - +0 scale mail
rPois    .         Spirit   .   (helmet unavailable)
rElec    .         Reflect  .   (no cloak)
rCorr    .         Harm     .   (no gloves)
MR       ++...                  (no boots)
Stlth    ++++++++..             (no amulet)
HPRegen  0.47/turn              (no ring)
MPRegen  0.34/turn              (no ring)

@: no status effects
A: permanent stasis, dig shafts and tunnels, four strong arms, antennae 3
a: Dig


You were in the Dungeon.
You were not hungry.

You visited 1 branch

Inventory:

Hand Weapons
 a - a +0 war axe
 l - the +∞ Axe of Woe (weapon)
   (You found it in the Dungeon)
Armour
 b - a +0 scale mail (worn)
 c - a +0 shield (worn)
Scrolls
 k - a scroll of blinking
Potions
 d - a potion of might
 e - a potion of curing
 g - a potion of heal wounds
 h - a potion of haste
 i - 2 potions of magic
 j - a potion of berserk rage
Comestibles
 f - a ration


   Skills:
 O Level 27 Fighting
 O Level 27 Axes
 O Level 27 Throwing
 O Level 27 Armour
 O Level 27 Dodging
 O Level 27 Stealth
 O Level 27 Shields
 O Level 27 Unarmed Combat
 O Level 27 Spellcasting


You had 77 spell levels left.
You didn't know any spells.
Your spell library was empty.

Dungeon Overview and Level Annotations

Branches:
Dungeon (1/1)

Altars:
Makhleb


Innate Abilities, Weirdness & Mutations

You cannot be hasted, slowed, berserked, paralysed or teleported.
You can dig through walls and to a lower floor.
Your four strong arms can wield two-handed weapons with a shield.
You have a pair of large antennae on your head. (SInv)


Message History

The bag of meat is engulfed in blazing flames.
You hear a shout! x4; You hear two shouts! x2
Unknown command.
You carve the bag of meat like a ham!!!
You slaughter the bag of meat joyfully.
You kill the bag of meat!
You slash the destroyer!
You dissect the destroyer like a pig carcass.
You destroy the destroyer!
You are engulfed in blazing flames.
You hear a shout! x5
A bag of meat comes into view. It is wielding a +9 war axe.
You hear a shout! x3
Unknown command.
Unknown command.
You are engulfed in blazing flames.
You hear a shout! x3
The destroyer is engulfed in blazing flames.
The destroyer hits you with a +9 great sword of slicing!!!!!
Ouch! That really hurt!
You die...

.. .. { #. .#
#..{ ..# .###..
..###.
...%..###o.....
....._..%..
#.))).# {
#§§@V_# #§§§).#
o.O§V§§..%.
%..O.o###...%..
o###§.o %.###.
#.. {..# #V{ %#
.. ..


You could see 3 destroyers, 2 meat berserkers and 4 bags of meat.

Vanquished Creatures
  2 vampire knights (D)
  6 ogres (D)
  2 two-headed ogres (D)
  21 orcs (D)
31 creatures vanquished.

Notes
Turn   | Place    | Note
-------+----------+-------------------------------------------
     0 | D        | Found the +∞ Axe of Woe
     0 | D        | Groucho the Formicid Fighter began the quest for the Orb.
     0 | D        | Reached XP level 1. HP: 18/18 MP: 1/1
     2 | D        | Noticed a meat berserker
     2 | D        | Noticed a bag of meat
     2 | D        | Noticed a bag of meat
     2 | D        | Noticed a bag of meat
     3 | D        | Noticed a bag of meat
     3 | D        | Noticed a bag of meat
     3 | D        | Noticed a bag of meat
     4 | D        | Killed a meat berserker
     4 | D        | Reached XP level 2. HP: 24/24 MP: 2/2
     4 | D        | Reached XP level 3. HP: 29/29 MP: 3/3
     4 | D        | Reached XP level 4. HP: 35/35 MP: 4/4
     4 | D        | Reached XP level 5. HP: 41/41 MP: 5/5
     4 | D        | Reached XP level 6. HP: 47/47 MP: 6/6
     4 | D        | Reached XP level 7. HP: 52/52 MP: 7/7
     4 | D        | Reached XP level 8. HP: 58/58 MP: 8/8
     4 | D        | Reached XP level 9. HP: 64/64 MP: 9/9
     4 | D        | Reached XP level 10. HP: 70/70 MP: 10/10
     4 | D        | Reached XP level 11. HP: 75/75 MP: 11/11
     4 | D        | Reached XP level 12. HP: 81/81 MP: 12/12
     4 | D        | Reached XP level 13. HP: 86/86 MP: 13/13
     4 | D        | Noticed a bag of meat
     4 | D        | Noticed a bag of meat
     4 | D        | Noticed a bag of meat
     4 | D        | Noticed a bag of meat
     4 | D        | Noticed a bag of meat
     6 | D        | Killed a bag of meat
     6 | D        | Reached XP level 14. HP: 93/93 MP: 14/14
     7 | D        | Noticed a bag of meat
     8 | D        | Killed a bag of meat
     8 | D        | Reached XP level 15. HP: 98/98 MP: 15/15
     8 | D        | Reached XP level 16. HP: 104/104 MP: 16/16
     9 | D        | Reached skill level 27 in Dodging
     9 | D        | Reached skill level 27 in Shields
     9 | D        | Reached XP level 17. HP: 109/109 MP: 17/17
    11 | D        | Reached skill level 27 in Axes
    11 | D        | Reached XP level 18. HP: 147/147 MP: 18/18
    12 | D        | Noticed a meat berserker
    17 | D        | Killed a meat berserker
    17 | D        | Reached XP level 19. HP: 180/180 MP: 19/19
    21 | D        | Reached skill level 27 in Fighting
    21 | D        | Reached skill level 27 in Armour
    21 | D        | Reached skill level 10 in Throwing
    21 | D        | Reached skill level 10 in Unarmed Combat
    21 | D        | Reached XP level 20. HP: 197/197 MP: 20/20
    23 | D        | Noticed a large bag of meat
    26 | D        | Noticed a meat berserker
    26 | D        | Noticed a meat berserker
    28 | D        | Noticed a meat berserker
    30 | D        | Killed a large bag of meat
    30 | D        | Reached XP level 21. HP: 199/204 MP: 21/21
    30 | D        | Noticed a meat berserker
    31 | D        | Killed a meat berserker
    32 | D        | Noticed a large bag of meat
    33 | D        | Killed a meat berserker
    34 | D        | Killed a meat berserker
    34 | D        | Reached skill level 27 in Throwing
    34 | D        | Reached skill level 27 in Unarmed Combat
    34 | D        | Reached XP level 22. HP: 208/212 MP: 21/43
    35 | D        | Noticed a destroyer
    35 | D        | Noticed a destroyer
    36 | D        | Noticed a destroyer
    36 | D        | Noticed a destroyer
    37 | D        | Noticed a meat berserker
    38 | D        | Killed a meat berserker
    38 | D        | Reached skill level 27 in Spellcasting
    38 | D        | Reached XP level 23. HP: 217/219 MP: 21/54
    38 | D        | Reached skill level 27 in Stealth
    39 | D        | Killed a destroyer
    39 | D        | Killed a large bag of meat
    39 | D        | Reached XP level 24. HP: 191/227 MP: 22/54
    39 | D        | Noticed a destroyer
    40 | D        | Killed a destroyer
    41 | D        | Annihilated by a destroyer

Skill      XL: |  1  2  3  4  5  6  7  8  9 10 11 12 13 14 15 16 17 18 19 20 21 22 23 |
---------------+----------------------------------------------------------------------+-----
Axes           | 16 18 19 21 26 27 | 27.0
Dodging        | 20 22 23 25 27 | 27.0
Shields        | 19 21 22 24 27 | 27.0
Fighting       | 14 23 27 | 27.0
Armour         | 14 23 27 | 27.0
Throwing       | 10 20 27 | 27.0
Unarmed Combat | 10 20 27 | 27.0
Spellcasting   | 17 27 | 27.0
Stealth        | 23 27 | 27.0

Action                   |  1- 3 |  4- 6 |  7- 9 | 10-12 | 13-15 | 16-18 | 19-21 | 22-24 || total
-------------------------+-------+-------+-------+-------+-------+-------+-------+-------++-------
Melee: Executioner's axe |     1 |       |       |       |     2 |     4 |     8 |     5 ||    20
